Map: Ever Dream LE

Players

Solar - Winner!

  • Race: Zerg Zerg
  • Spawn Location: 1:00

uwuThermal (uThermal)

  • Race: Terran Terran
  • League: Master
  • Spawn Location: 7:00

Event: War Chest Team League

VOD

Have the link to the VOD?

Description

Time

  • Played on: Aug. 14, 2020, 6:41 a.m.
  • Length: 7:13

All games in this series

Show
View Real Time Build Order
Export as new Build Order

Solar Zerg - Winner!

Build Orders: Hatch First 

Get SALT Encoding   

  12  0:02  Drone  
  13  0:12  Overlord  
  13  0:17  Drone  
  14  0:31  Drone x2  
  16  0:48  Hatchery  
  15  0:51  Drone  
  15  0:56  Drone  
  17  0:58  Drone  
  18  1:10  Extractor  
  17  1:14  Spawning Pool  
  17  1:18  Drone  
  17  1:21  Drone  
  18  1:28  Drone  
  19  1:39  Drone  
  20  1:50  Drone  
  21  2:01  Queen x2  
  21  2:02  Zergling x4  
  27  2:11  Overlord  
  27  2:13  Drone  
  28  2:24  Hatchery  
  28  2:29  Drone  
  28  2:30  Drone  
  28  2:34  Drone  
  28  2:36  Drone  
  30  2:42  Queen  
  32  2:47  Metabolic Boost  
  32  2:53  Overlord  
  32  2:55  Drone  
  33  2:58  Drone  
  33  3:01  Drone  
  33  3:05  Drone  
  38  3:12  Drone x2  
  38  3:13  Drone x2  
  38  3:18  Pneumatized Carapace  
  40  3:20  Drone  
  40  3:25  Queen  
  43  3:31  Overlord  
  43  3:32  Drone  
  44  3:38  Queen  
  44  3:40  Drone  
  47  3:42  Drone x2  
  47  3:44  Drone  
  50  3:49  Zergling x6  
  50  3:52  Overlord  
  50  3:54  Drone  
  54  3:57  Zergling x2  
  54  3:58  Drone x2  
  54  4:01  Drone  
  58  4:07  Overlord  
  58  4:09  Queen  
  58  4:11  Drone x2  
  58  4:12  Drone  
  63  4:18  Zergling x2  
  63  4:19  Queen  
  63  4:23  Overlord  
  66  4:27  Drone  
  66  4:28  Drone  
  66  4:30  Drone  
  69  4:32  Drone  
  69  4:34  Lair  
  69  4:37  Drone  
  71  4:39  Roach Warren  
  71  4:40  Spore Crawler  
  71  4:42  Extractor, Drone, Spore Crawler  
  71  4:43  Extractor  
  71  4:44  Drone  
  68  4:45  Spore Crawler  
  68  4:46  Drone  
  68  4:48  Drone  
  68  4:50  Zergling x4  
  71  4:53  Zergling x4  
  71  4:58  Overlord  
  71  4:59  Spore Crawler  
  72  5:01  Zergling x6  
  74  5:10  Zergling x6  
  74  5:12  Overlord  
  77  5:16  Drone  
  77  5:17  Drone  
  77  5:19  Roach x4  
  85  5:23  Roach x2  
  85  5:24  Drone  
  90  5:29  Overlord  
  90  5:32  Drone  
  90  5:34  Drone  
  93  5:36  Extractor x2  
  93  5:40  Drone  
  92  5:43  Overlord  
  92  5:47  Overlord  
  92  5:49  Overlord  
  90  5:56  Extractor, Drone  
  90  5:57  Drone  
  90  6:00  Drone  
  92  6:04  Drone  
  92  6:05  Spire  
  92  6:08  Overseer  
  92  6:09  Drone  
  93  6:11  Drone  
  93  6:13  Drone  
  93  6:14  Drone x3  
  98  6:21  Drone  
  98  6:22  Drone  
  100  6:26  Overseer, Drone x3  
  100  6:27  Drone  
  100  6:28  Drone  
  100  6:29  Drone  
  100  6:32  Overlord  
  106  6:34  Drone x2  
  106  6:38  Evolution Chamber  
  106  6:39  Overlord  
  107  6:40  Overlord  
  107  6:43  Hatchery  
  105  6:50  Overlord  
  105  6:51  Roach x3  
  105  6:52  Overlord  
  105  6:55  Evolution Chamber  
Show
View Real Time Build Order
Export as new Build Order

uwuThermal Terran 

Build Orders: Reaper Expand, Hellion Banshee 

Get SALT Encoding   

  12  0:01  SCV  
  13  0:13  SCV  
  14  0:17  Supply Depot  
  14  0:25  SCV  
  15  0:39  Barracks, SCV  
  16  0:43  Refinery  
  16  0:51  SCV  
  17  1:03  SCV  
  18  1:15  SCV  
  19  1:27  Orbital Command, Reaper  
  20  1:39  Command Center  
  20  1:48  Supply Depot  
  20  1:53  SCV  
  21  1:59  Marine  
  22  2:05  SCV  
  22  2:08  Factory  
  23  2:14  Refinery  
  23  2:17  SCV  
  23  2:20  Barracks Reactor  
  24  2:29  SCV  
  25  2:41  SCV  
  26  2:52  Orbital Command  
  26  2:53  Starport  
  26  2:54  SCV  
  27  3:01  Hellion  
  27  3:02  Hellion  
  27  3:03  Barracks Tech Lab  
  31  3:06  SCV  
  31  3:11  Supply Depot  
  32  3:18  SCV  
  32  3:19  SCV  
  34  3:22  Hellion  
  34  3:23  Hellion  
  38  3:30  SCV  
  38  3:31  SCV  
  40  3:35  Cloaking Field, Banshee  
  43  3:42  SCV  
  43  3:43  SCV  
  43  3:44  Hellion  
  43  3:46  Hellion  
  49  3:52  Supply Depot  
  49  3:55  Armory  
  49  3:56  SCV  
  51  4:05  Hellion  
  54  4:10  Hellion  
  54  4:13  SCV x2  
  56  4:18  Banshee  
  59  4:25  Command Center  
  59  4:27  SCV  
  59  4:28  SCV  
  61  4:40  SCV  
  61  4:42  Supply Depot  
  61  4:44  Refinery  
  61  4:45  Refinery  
  62  4:53  Factory x2  
  62  5:04  Hellion, SCV x2  
  67  5:07  Hellion  
  65  5:16  SCV  
  65  5:17  Banshee  
  65  5:19  SCV  
  65  5:20  Hellion x4  
  70  5:34  SCV x2  
  70  5:37  Hellion x2  
  70  5:38  Factory Tech Lab  
  70  5:39  Factory Tech Lab  
  71  5:46  SCV  
  71  5:47  SCV  
  72  5:58  Hellion, SCV  
  72  5:59  Hellion, SCV  
  72  6:02  Supply Depot  
  72  6:03  Supply Depot, Banshee  
  84  6:04  Cyclone  
  84  6:06  Supply Depot  
  84  6:08  Orbital Command  
  84  6:15  SCV  
  85  6:21  Supply Depot  
  85  6:23  SCV  
  85  6:24  Hellion x2, Cyclone  
  93  6:27  SCV  
  93  6:30  Refinery  
  94  6:35  SCV  
  94  6:36  Cyclone, SCV  
  94  6:38  Refinery  
  94  6:39  SCV  
  100  6:47  SCV  
  100  6:48  Supply Depot x2, Hellion, SCV  
  100  6:49  Hellion  
  100  6:51  SCV  
  100  6:59  SCV  
  100  7:00  SCV  
  112  7:02  Supply Depot  
Tags
 
Add a new tag
Caveats
  • Supply blocks, unpowered buildings, or Contaminate may cause inaccurate times.
  • Supply counts are checked every 10 seconds.